 Dungeon Crawl Stone Soup version 0.22.1-1-ga44c0e56f4 (webtiles) character file.

564 Kaderl the Chopper (level 7, -2/53 HPs)
             Began as a Human Fighter on Sept 22, 2018.
             Slain by an ogre
             ... wielding a +0 giant spiked club
              (20 damage)
             ... on level 5 of the Dungeon.
             The game lasted 00:10:46 (3121 turns).

Kaderl the Chopper (Human Fighter)                  Turns: 3121, Time: 00:10:46

Health: -2/53      AC: 12    Str: 19    XL:     7   Next: 58%
Magic:  0/7        EV:  6    Int:  8    God:
Gold:   98         SH: 10    Dex: 12    Spells: 6/6 levels left

rFire    . . .     SeeInvis .   a - +2 war axe
rCold    . . .     Gourm    .   c - +1 shield
rNeg     . . .     Faith    .   g - +0 chain mail
rPois    .         Spirit   +   j - +0 helmet
rElec    .         Reflect  .   o - scarf {Spirit}
rCorr    .         Harm     .   d - +0 pair of gloves
MR       .....                  (no boots)
Stlth    ..........             (no amulet)
HPRegen  0.17/turn              (no ring)
MPRegen  0.10/turn              (no ring)

@: no status effects
A: no striking features
a: no special abilities


You were on level 5 of the Dungeon.
You were not hungry.

You visited 1 branch of the dungeon, and saw 5 of its levels.

You collected 98 gold pieces.

Inventory:

Hand Weapons
 a - a +2 war axe (weapon)
Armour
 c - a +1 shield (worn)
 d - a +0 pair of gloves (worn)
 g - a +0 chain mail (worn)
 j - a +0 helmet (worn)
 o - a scarf of spirit shield (worn)
Scrolls
 b - a scroll of enchant armour
 i - 9 scrolls of teleportation
 l - 7 scrolls of remove curse
 n - a scroll of enchant weapon
 s - a scroll of random uselessness {unknown}
Potions
 e - 2 potions of curing {unknown}
 h - a potion of invisibility {unknown}
 k - 2 potions of degeneration {unknown}
 m - 2 potions of heal wounds {unknown}
 q - 2 potions of agility {unknown}
 r - a potion of cancellation {unknown}
Comestibles
 f - 4 rations


   Skills:
 + Level 3.9 Fighting
 + Level 5.3 Axes
 + Level 4.5 Armour
 + Level 1.8 Dodging
 + Level 0.2 Stealth
 + Level 4.1 Shields


You had 6 spell levels left.
You didn't know any spells.
Your spell library was empty.

Dungeon Overview and Level Annotations

Branches:
Dungeon (5/15)
 Temple: D:4-7

Altars:
The Shining One

Shops:
D:5 =


Message History

The ogre hits you with a giant spiked club!!
You hit the ogre.
The ogre is moderately wounded.
The ogre hits you with a giant spiked club!
You hit the ogre.
The ogre is moderately wounded.
You block the ogre's attack.
You barely miss the ogre.
The ogre is moderately wounded.
The ogre hits you with a giant spiked club!
You hit the ogre but do no damage.
The ogre is moderately wounded.
You block the ogre's attack.
You barely miss the ogre.
The ogre is moderately wounded.
The ogre completely misses you.
You hit the ogre but do no damage.
The ogre is moderately wounded.
The ogre hits you with a giant spiked club!!
You die...

#..............#
#..##
...###.........#
#...# ##.#
#####.....# #∩#.#
*#.# #.....# #...#
*#.# ####### ##.##
*#.# #.# *#.#**
#######.# ,...,*
#.......# ,*,*,*
#@#######
,*,*,**********#O#
,*,,,,,,,,,,,,,..#
,,,,,,********####
,,,,,,* ,<,**,*
**,**,* **,**,*
,,,,,,*


You could see an ogre.

Vanquished Creatures
  A phantom (D:4)
  An ogre (D:4)
  A howler monkey (D:4)
  2 hounds (D:4)
  An orc priest (D:3)
  An iguana (D:4)
  An orc wizard (D:3)
  A worker ant (D:4)
  4 gnolls (D:2)
  9 adders
  A worm (D:3)
  3 dart slugs (D:2)
  2 leopard geckos
  4 orcs
  3 bats
  5 giant cockroaches
  7 goblins
  10 hobgoblins
  A quokka (D:3)
  3 ball pythons
  A ball python skeleton (D:3)
  4 frilled lizards
  8 kobolds
  13 rats
87 creatures vanquished.

Notes
Turn   | Place    | Note
-------+----------+-------------------------------------------
     0 | D:1      | Kaderl the Human Fighter began the quest for the Orb.
     0 | D:1      | Reached XP level 1. HP: 18/18 MP: 1/1
   113 | D:1      | Reached XP level 2. HP: 14/24 MP: 2/2
   774 | D:2      | Reached XP level 3. HP: 26/29 MP: 3/3
   983 | D:2      | Reached XP level 4. HP: 23/35 MP: 4/4
  1299 | D:2      | Reached skill level 3 in Axes
  1299 | D:2      | Reached XP level 5. HP: 23/41 MP: 5/5
  1918 | D:3      | Reached XP level 6. HP: 34/48 MP: 6/6
  2040 | D:3      | Found a glowing golden altar of the Shining One.
  2065 | D:3      | Reached skill level 4 in Axes
  2432 | D:4      | Reached skill level 1 in Dodging
  2733 | D:4      | Noticed a phantom
  2752 | D:4      | Reached XP level 7. HP: 53/53 MP: 7/7
  2880 | D:4      | Reached skill level 5 in Axes
  3072 | D:5      | Entered Level 5 of the Dungeon
  3097 | D:5      | Found Caytham's Jewellery Boutique.
  3121 | D:5      | Slain by an ogre

Skill      XL: |  1  2  3  4  5  6  7 |
---------------+----------------------+-----
Axes           | 3 4 5 |  5.3
Armour         | 4 |  4.5
Dodging        | 1 |  1.8
Shields        | 4 |  4.1
Fighting       | |  3.9
Stealth        | |  0.2

Action                   |  1- 3 |  4- 6 |  7- 9 || total
-------------------------+-------+-------+-------++-------
Melee: War axe           |    85 |   145 |    46 ||   276
  Use: Scroll            |     3 |     7 |     2 ||    12
       Potion            |       |     1 |       ||     1
  Eat: Ration            |       |     3 |       ||     3
Armor: Scale mail        |     7 |       |       ||     7
       Chain mail        |    51 |    71 |    17 ||   139
Dodge: Dodged            |    12 |    25 |     6 ||    43
Block: Shield            |    53 |    83 |    24 ||   160
